 Dungeon Crawl Stone Soup version 0.28.0-43-g3370ac3207 (webtiles) character file.

Game seed: 4710059333203706764

250 pkoi the Chopper (level 6, -19/52 HPs)
             Began as a Hill Orc Monk on Mar 22, 2022.
             Was a Believer of Beogh.
             Engulfed by a cloud of flame (20 damage)
             ... on level 4 of the Dungeon.
             The game lasted 00:04:19 (4932 turns).

pkoi the Chopper (Hill Orc Monk)                    Turns: 4932, Time: 00:04:21

Health: -19/52     AC: 12    Str: 16    XL:     6   Next: 13%
Magic:  7/7        EV:  9    Int: 10    God:    Beogh [**....]
Gold:   225        SH:  0    Dex: 13    Spells: 5/5 levels left

rFire   . . .      SeeInvis .   m - +1 war axe
rCold   . . .      Faith    .   (no shield)
rNeg    + . .      Spirit   .   o - +0 plate armour
rPois   .          Reflect  .   (no helmet)
rElec   .          Harm     .   g - +0 cloak
rCorr   .          Rampage  .   (no gloves)
Will    .....                   e - +0 pair of boots
Stlth   ..........              d - amulet of magic regeneration
HPRegen 0.17/turn               i - +4 ring of evasion
MPRegen 0.50/turn               j - ring of positive energy

@: no status effects
A: no striking features
a: Renounce Religion, Smiting


You were on level 4 of the Dungeon.
You worshipped Beogh.
Beogh was pleased with you.
You visited 2 branches of the dungeon, and saw 6 of its levels.

You collected 225 gold pieces.

Inventory:

Hand Weapons
 a - a +0 hand axe
 m - a +1 war axe (weapon)
Armour
 e - a +0 pair of boots (worn)
 g - a +0 cloak (worn)
 l - a +0 leather armour
 o - a +0 plate armour (worn)
Jewellery
 d - an amulet of magic regeneration (around neck)
 i - a +4 ring of evasion (left hand)
 j - a ring of positive energy (right hand)
Scrolls
 b - a scroll of fear
 c - a scroll of enchant weapon
 f - 3 scrolls of identify
 n - 4 scrolls of magic mapping
Potions
 h - 2 potions of curing
 k - a potion of ambrosia
 p - 3 potions of lignification {unknown}


   Skills:
 + Level 4.1 Fighting
 * Level 7.3 Axes
 + Level 1.6 Armour
 + Level 2.7 Dodging
 - Level 1.5 Stealth
 * Level 2.3 Invocations


You had 5 spell levels left.
You didn't know any spells.
Your spell library contained the following spells:

 Spells                   Type           Power      Damage    Failure   Level
 Summon Small Mammal      Summ           0%         N/A       100%        1
 Call Canine Familiar     Summ           0%         N/A       100%        3
 Summon Guardian Golem    Hex/Summ       0%         N/A       100%        3


Dungeon Overview and Level Annotations

Branches:
Dungeon (5/15)             Temple (1/1) D:4

Altars:
Ashenzari
Dithmenos
Gozag
Hepliaklqana
Makhleb
Nemelex Xobeh
Okawaru
Qazlal
Ru
Sif Muna
Trog
Uskayaw
Vehumet
Wu Jian
Xom
Yredelemnul
Zin

Annotations:
D:3 2 runed translucent doors, Icepheonix32's ghost, amateur SpDe
D:5 Blork the orc


Message History

Done waiting.
You climb downwards.
Level annotation: Blork the orc The acid dragon roars!
The ufetubus shouts!
The gnoll shouts! x2
The iguana hisses angrily.
You hear a bark!
There is a stone staircase leading up, spattered with blood here.
Unknown command.
The ufetubus hits you but does no damage. x2
The acid dragon bites you but does no damage.
The acid dragon claws you. The ufetubus completely misses you.
The ufetubus closely misses you.
You climb upwards.
There is a stone staircase leading down here.
Unknown command.
Okay, then.
Unknown command.
The ufetubus barely misses you. The ufetubus hits you.
Things that are here:
a +2 scale mail of fire resistance; a +0 spear
As you read the scroll labelled LIETSO TALAOT, it crumbles to dust.
The creatures around you are filled with an inner flame!
It was a scroll of immolation.
The ufetubus closely misses you.
The ufetubus hits you but does no damage.
The acid dragon closely misses you.
The acid dragon claws you but does no damage.
The ufetubus hits you. The ufetubus closely misses you.
You slash the ufetubus! Beogh accepts your kill.
You barely miss the acid dragon.
The ufetubus explodes!
The fiery explosion engulfs the acid dragon!!!
Beogh accepts your kill. The fiery explosion engulfs you!!
Ouch! That really hurt!
* * * LOW HITPOINT WARNING * * *
The acid dragon explodes!
The fiery explosion engulfs you!!
* * * LOW HITPOINT WARNING * * *
You are engulfed in blazing flames.
You die...

..###
###.......#.........#
.## ####
###....##..##.....# .#
###..###
###.....##.......
.####......##
##..###........
..##........##
##..####........
#............#####..##
#.........
#..............#...##
##........
#................###
###...<..
#.............§§@##
###...#
..............§§§.#
##.##
#.............§§###
### ###...........###
###........##
##########


There were no monsters in sight!

Vanquished Creatures
  An acid dragon (D:4)
  A gnoll sergeant (D:4)
  A hound (D:4)
  A centaur skeleton (D:4)
  An orc wizard (D:4)
  A gnoll (D:4)
  An adder (D:2)
  An ufetubus (D:4)
  An adder skeleton (D:4)
  3 worms
  2 dart slugs
  4 orcs
  10 ball pythons
  8 endoplasms
  A giant cockroach (D:4)
  6 goblins
  3 hobgoblins
  3 jackals
  6 kobolds
  8 quokkas
  4 bats (D:1)
  3 frilled lizards
  12 rats
82 creatures vanquished.

Vanquished Creatures (others)
  An orc (D:4)
  A jackal skeleton (D:4)
2 creatures vanquished.

Grand Total: 84 creatures vanquished

Notes
Turn   | Place    | Note
-------+----------+-------------------------------------------
     0 | D:1      | pkoi the Hill Orc Monk began the quest for the Orb.
     0 | D:1      | Reached XP level 1. HP: 19/19 MP: 1/1
   430 | D:1      | Reached XP level 2. HP: 26/26 MP: 2/2
   522 | D:1      | Reached skill level 5 in Axes
   698 | D:1      | Found a faded altar of an unknown god.
   854 | D:1      | Reached XP level 3. HP: 27/31 MP: 3/3
  1734 | D:2      | Reached skill level 6 in Axes
  2082 | D:2      | Reached XP level 4. HP: 36/39 MP: 4/4
  2778 | D:3      | Found a runed translucent door.
  2780 | D:3      | Noticed Icepheonix32's ghost (amateur SpDe)
  2871 | D:3      | Found a runed translucent door.
  3304 | D:4      | Became a worshipper of Beogh the Brigand
  3304 | D:4      | Reached * piety under Beogh
  3304 | D:4      | Reached ** piety under Beogh
  3594 | D:4      | Found a sacrificial altar of Ru.
  3612 | D:4      | Reached XP level 5. HP: 35/46 MP: 5/5
  3704 | D:4      | Reached skill level 1 in Armour
  3716 | D:4      | Found a staircase to the Ecumenical Temple.
  3722 | Temple   | Entered the Ecumenical Temple
  4178 | D:4      | Reached skill level 7 in Axes
  4178 | D:4      | Reached skill level 1 in Invocations
  4409 | D:5      | Entered Level 5 of the Dungeon
  4409 | D:5      | Noticed an acid dragon
  4427 | D:4      | Reached XP level 6. HP: 7/52 MP: 3/7
  4747 | D:5      | Noticed Blork the orc
  4932 | D:4      | Killed an acid dragon
  4932 | D:4      | HP: 1/52 [spore (20)]
  4932 | D:4      | Engulfed by a cloud of flame

Illustrated notes

Levels and vault maps discovered:
D:1:      eino_arrival_water_star, layout_loops_cross,
          ebering_ecumenical_altar_abandoned, grunt_decor_resistance,
          minmay_cupped
D:2:      minmay_evil_eye, layout_basic
D:3:      layout_rooms, ebering_ghost_sewer_f, minmay_misc_feat_square
D:4:      layout_cave_pods, nicolae_ru_awakened_eye, minmay_temple_entry_wispy
D:5:      layout_rooms, lemuel_zombie_altar_kikubaaqudgha, st_stairs_14,
          uniq_blork_the_orc
Temple:   eino_temple_rhombus

Skill      XL: |  1  2  3  4  5 |
---------------+----------------+-----
Axes           | 5 6 7 |  7.3
Armour         | 1 |  1.6
Invocations    | 2 |  2.3
Fighting       | 4 |  4.1
Dodging        | |  2.7
Stealth        | |  1.5

Action                   |  1- 3 |  4- 6 || total
-------------------------+-------+-------++-------
Melee: Hand axe          |   140 |    39 ||   179
       War axe           |       |    66 ||    66
Invok: Convert to Beogh  |       |     1 ||     1
       Smiting           |       |     1 ||     1
  Use: Scroll            |       |     6 ||     6
 Stab: Sleeping          |     4 |     3 ||     7
Armor: Robe              |    35 |     5 ||    40
       Leather armour    |       |     6 ||     6
       Plate armour      |       |    28 ||    28
Dodge: Dodged            |    98 |    71 ||   169
